 Dungeon Crawl Stone Soup version 0.26-a0-682-g294304f6e8 (webtiles) character file.

Game seed: 678144621117412815

455 robertstho the Chiller (level 6, -5/33 HPs)
             Began as a Deep Elf Ice Elementalist on Oct 20, 2020.
             Slain by an ice beast (14 damage)
             ... on level 5 of the Dungeon.
             The game lasted 00:09:57 (4794 turns).

robertstho the Chiller (Deep Elf Ice Elementalist)  Turns: 4794, Time: 00:09:58

Health: -5/33      AC:  3    Str:  5    XL:     6   Next: 76%
Magic:  14/17      EV: 13    Int: 28    God:
Gold:   225        SH:  5    Dex: 15    Spells: 3/18 levels left

rFire    . . .     SeeInvis +   w - +2 hand axe (flame)
rCold    . . .     Faith    .   (no shield)
rNeg     . . .     Spirit   .   a - +1 robe
rPois    .         Reflect  +   (no helmet)
rElec    .         Harm     .   (no cloak)
rCorr    .         Rampage  .   (no gloves)
MR       .....                  (no boots)
Stlth    ++........             i - amulet of reflection
HPRegen  0.11/turn              e - +6 ring of intelligence
MPRegen  0.15/turn              D - ring of see invisible

@: no status effects
A: no striking features
a: no special abilities


You were on level 5 of the Dungeon.
You visited 1 branch of the dungeon, and saw 5 of its levels.

You collected 225 gold pieces.

Inventory:

Hand Weapons
 q - a +2 hunting sling of freezing
 w - a +2 hand axe of flaming (weapon)
Missiles
 g - 2 throwing nets (quivered)
 r - 44 stones
 s - 12 sling bullets
Armour
 a - a +1 robe (worn)
Jewellery
 e - a +6 ring of intelligence (left hand)
 i - an amulet of reflection (around neck)
 p - an uncursed ring of positive energy
 D - a ring of see invisible (right hand)
Scrolls
 b - a scroll of fear {unknown}
 c - 3 scrolls of enchant armour
 d - 2 scrolls of remove curse
 h - 3 scrolls of blinking {unknown}
 j - a scroll of noise {unknown}
 k - a scroll of enchant weapon {unknown}
 x - a scroll of amnesia {unknown}
 y - a scroll of teleportation {unknown}
 E - a scroll of fog {unknown}
Potions
 f - a potion of stabbing
 n - 2 potions of brilliance {unknown}
 o - a potion of resistance {unknown}
 t - a potion of might {unknown}
 u - 2 potions of lignification {unknown}
 v - a potion of heal wounds {unknown}
 z - a potion of flight {unknown}
 A - 2 potions of curing {unknown}
 B - 4 potions of ambrosia {unknown}
 C - a potion of haste
 F - a potion of mutation


   Skills:
 + Level 0.7 Fighting
 + Level 0.2 Axes
 + Level 3.1 Dodging
 + Level 3.5 Stealth
 + Level 6.6 Spellcasting
 + Level 6.6 Ice Magic


You had 3 spell levels left.
You knew the following spells:

 Your Spells              Type           Power        Failure   Level
a - Freeze                Ice            ####         1%          1
b - Frozen Ramparts       Ice            #####.       1%          3
c - Ozocubu's Armour      Ice            #####...     1%          3
d - Hailstorm             Conj/Ice       ####....     14%         4
e - Summon Ice Beast      Ice/Summ       ####....     14%         4

Your spell library contained the following spells:

 Spells                   Type           Power        Failure   Level


Dungeon Overview and Level Annotations

Branches:
Dungeon (5/15)
 Temple: D:4-7

Altars:
Elyvilon
Fedhas

Shops:
D:4 [


Message History

The ice beast hits your ice beast. The ice beast freezes your ice beast.
Your ice beast completely resists.
Your ice beast hits the ice beast but does no damage.
The orc moves out of view.
Your ice beast disappears in a puff of smoke!
The ice beast completely resists.
The wall freezes the ice beast but do no damage.
The ice beast completely resists.
The wall freezes the ice beast but do no damage.
The wall freezes the orc!
You kill the orc!
The ice beast completely resists.
The wall freezes the ice beast but do no damage.
The ice beast hits you. The ice beast freezes you.
You closely miss the ice beast.
The ice beast is heavily wounded.
The frozen ramparts melt away.
The ice beast hits you.
* * * LOW HITPOINT WARNING * * *
The ice beast freezes you!
You die...

# #. #### #.###### #..
##....... #.#
........#####.#######
........)..Y@........
.........)####........
...........Y....######
.........######.#
.........# .#
.........# .#
.........# .#
.........## .#
..........#


You could see an ice beast.

Vanquished Creatures
  A scorpion (D:4)
  3 orc wizards
  3 orc priests
  A centaur skeleton (D:4)
  2 worker ants
  4 adders
  An ooze (D:1)
  3 worms
  A dart slug (D:4)
  A leopard gecko (D:2)
  10 orcs
  9 bats
  6 giant cockroaches
  8 goblins
  13 hobgoblins
  10 jackals
  7 kobolds
  3 quokkas
  A ball python (D:1)
  4 frilled lizards
  A jackal skeleton (D:5)
  A quokka skeleton (D:4)
  4 rats
97 creatures vanquished.

Notes
Turn   | Place    | Note
-------+----------+-------------------------------------------
     0 | D:1      | robertstho the Deep Elf Ice Elementalist began the quest
                  | for the Orb.
     0 | D:1      | Reached XP level 1. HP: 10/10 MP: 6/6
   361 | D:1      | Reached XP level 2. HP: 4/15 MP: 5/8
   663 | D:1      | Reached skill level 5 in Ice Magic
   984 | D:1      | Reached XP level 3. HP: 14/19 MP: 7/9
  1238 | D:1      | Learned a level 3 spell: Frozen Ramparts
  1242 | D:1      | Learned a level 3 spell: Ozocubu's Armour
  2221 | D:2      | Reached XP level 4. HP: 22/24 MP: 7/11
  2638 | D:3      | Reached XP level 5. HP: 5/28 MP: 5/14
  3020 | D:3      | Found a blossoming altar of Fedhas.
  3291 | D:3      | Reached skill level 5 in Spellcasting
  3847 | D:4      | Found Ithrailyu's Armour Boutique.
  3896 | D:4      | Reached XP level 6. HP: 31/33 MP: 11/16
  4640 | D:4      | Found a white marble altar of Elyvilon.
  4708 | D:5      | Entered Level 5 of the Dungeon
  4752 | D:5      | Noticed an ice beast
  4759 | D:5      | Learned a level 4 spell: Hailstorm
  4764 | D:5      | Learned a level 4 spell: Summon Ice Beast
  4794 | D:5      | Slain by an ice beast

Illustrated notes

Levels and vault maps discovered:
D:1:      dpeg_arrival_water_temple_mockup, layout_basic, minmay_tripent
D:2:      layout_loops_ring
D:3:      layout_basic, nicolae_overflow_crystal_walls
D:4:      layout_rooms, lemuel_coloured_pillars_altar, serial_shops, shop
D:5:      layout_basic, gammafunk_temple_overflow_statue,
          minmay_temple_entry_waves, serial_shops, shop, basic_altar,
          nicolae_sextant

Skill      XL: |  1  2  3  4  5  6 |
---------------+-------------------+-----
Ice Magic      | 5 6 |  6.6
Stealth        | 3 |  3.5
Spellcasting   | 4 5 6 |  6.6
Dodging        | 3 |  3.1
Fighting       | |  0.7
Axes           | |  0.2

Action                   |  1- 3 |  4- 6 || total
-------------------------+-------+-------++-------
Melee: Dagger            |    68 |     2 ||    70
       Hand axe          |       |    25 ||    25
 Cast: Freeze            |    27 |     6 ||    33
       Frozen Ramparts   |    15 |    31 ||    46
       Summon Ice Beast  |       |     1 ||     1
  Use: Scroll            |       |     7 ||     7
 Stab: Sleeping          |     6 |     1 ||     7
Armor: Robe              |    25 |     9 ||    34
Dodge: Dodged            |    89 |    40 ||   129
Block: Other             |       |     6 ||     6

Table legend: (Time is in decaauts)
 A = Elapsed time spent in this place.
 B = Non-inter-level travel time spent in this place.
 C = Inter-level travel time spent in this place.
 D = Time resting spent in this place.
 E = Time spent auto-exploring this place.
 F = Levels seen in this place.
 G = Mean time per level.
                   A        B        C        D        E       F      G
               +--------+--------+--------+--------+--------+-----+--------+
         Total |   4800 |   4701 |     99 |    432 |   3429 |   5 |  960.0 |
       Dungeon |   4800 |   4701 |     99 |    432 |   3429 |   5 |  960.0 |
               +--------+--------+--------+--------+--------+-----+--------+

Top non-repeatable levels by time:
     D:1: 1453 daAuts
     D:2: 1149 daAuts
     D:3: 1092 daAuts
     D:4: 1016 daAuts
     D:5: 88 daAuts
